[Event "*** Titled Tuesday Blitz"]
[Site "Chess.com"]
[Date "2020.11.10"]
[Round "7"]
[White "NefeLV"]
[Black "midedu"]
[Result "0-1"]
[WhiteElo "1755"]
[BlackElo "2077"]
[TimeControl "180+1"]
[EndTime "11:20:16 PST"]
[Termination "midedu won by checkmate"]

1. d4 Nf6 2. Bf4 d6 3. e3 g6 4. Nf3 Bg7 5. c4 Nc6 6. Nc3 O-O 7. Bd3 Re8 8. Bg3 Nh5 9. Qb3 a6 10. O-O-O Nxg3 11. hxg3 e5 12. d5 Na5 13. Qa3 c5 14. e4 Bd7 15. b3 Qc7 16. Ng5 h6 17.
Nh3 Reb8 18. Qb2 b5 19. cxb5 axb5 20. Qd2 c4 21. Bc2 b4 22. bxc4 bxc3 23. Qxc3 Qxc4 24. Qxc4 Nxc4 25. Bb3 Na5 26. Kb2 Rb4 27. f3 Rab8 28.
Rd3 Bf6 29. Rc1 Bd8 30. Nf2 h5 31. f4 exf4 32. gxf4 Bf6+ 33. Ka3 Bd4 34. Rc7 Ra4+ 35. Bxa4 Bb2# 0-1

[Event "*** Titled Tuesday Blitz"]
[Site "Chess.com"]
[Date "2020.11.10"]
[Round "7"]
[White "Nara_Kh"]
[Black "GothamChess"]
[Result "0-1"]
[WhiteElo "2378"]
[BlackElo "2646"]
[TimeControl "180+1"]
[EndTime "11:20:17 PST"]
[Termination "GothamChess won by resignation"]

1. e4 c6 2. Nc3 d5 3. Nf3 a6 4.
d4 Bg4 5. h3 Bxf3 6. Qxf3 e6 7.
Be2 Nf6 8. O-O Be7 9. Be3 O-O 10.
Bd3 Nbd7 11. e5 Ne8 12. Qg3 c5 13.
f4 f5 14. exf6 Bxf6 15. Qg4 cxd4 16. Qxe6+ Kh8 17. Nxd5 dxe3 18. Qe4 g6 19. Qxe3 Nb6 20.
Nxb6 Bd4 21. Nxa8 Bxe3+ 22. Kh1 Qxa8 0-1

[Event "*** Titled Tuesday Blitz"]
[Site "Chess.com"]
[Date "2020.11.10"]
[Round "7"]
[White "IrishMonkey"]
[Black "yuki_chess123"]
[Result "1-0"]
[WhiteElo "2471"]
[BlackElo "2220"]
[TimeControl "180+1"]
[EndTime "11:20:18 PST"]
[Termination "IrishMonkey won by resignation"]

1. g4 d5 2. h3 c6 3. Nf3 Nd7 4. d4 e6 5. Bg2 Bd6 6. c4 h5 7.
c5 hxg4 8. hxg4 Rxh1+ 9. Bxh1 Bc7 10. Nc3 b6 11. b4 a5 12. b5 bxc5 13. bxc6 Ndf6 14. g5 Ne4 15. Qc2 Nxc3 16. Qxc3 c4 17. g6 f6 18. Nd2 Ne7 19. Ba3 Nxg6 20. Bf3 Kf7 21. Bh5 Qh8 22. Qf3 Qh6 23. Bc1 Qf4 24.
Qxf4 Bxf4 25. Nf3 Bxc1 26. Rxc1 Rb8 27. Nh4 Rb6 28. Nxg6 Kg8 1-0

[Event "*** Titled Tuesday Blitz"]
[Site "Chess.com"]
[Date "2020.11.10"]
[Round "7"]
[White "zajka-molotok"]
[Black "Sacbutt"]
[Result "1-0"]
[WhiteElo "2509"]
[BlackElo "2289"]
[TimeControl "180+1"]
[EndTime "11:20:25 PST"]
[Termination "zajka-molotok won by resignation"]

1. Nf3 e6 2. g3 d5 3. Bg2 Nf6 4. O-O Be7 5. d3 O-O 6. Nbd2 c5 7. e4 Nc6 8. e5 Nd7 9. Re1 b5 10. Nf1 Bb7 11. h4 a5 12. h5 h6 13. N1h2 b4 14.
Ng4 Qc7 15. Bf4 Rfe8 16. Qd2 Nd4 17. Nfh2 c4 18. c3 bxc3 19. bxc3 Nb5 20. d4 Rab8 21. Nf6+ gxf6 22. exf6 Bd6 23. Bxh6 1-0

[Event "*** Titled Tuesday Blitz"]
[Site "Chess.com"]
[Date "2020.11.10"]
[Round "7"]
[White "swimmerchess"]
[Black "VinzentSpitzl"]
[Result "1-0"]
[WhiteElo "2818"]
[BlackElo "2330"]
[TimeControl "180+1"]
[EndTime "11:20:28 PST"]
[Termination "swimmerchess won by checkmate"]

1. e4 c6 2. Nf3 d5 3. Nc3 dxe4 4.
Nxe4 Nf6 5. Qe2 Nxe4 6. Qxe4 Qd5 7. Qh4 Qe6+ 8. Be2 Qg6 9. O-O Qxc2 10. Bc4 Nd7 11.
d3 Nf6 12. Nd4 Qa4 13. Bd2 b5 14. Bb3 Qa6 15. a4 Qb7 16. axb5 cxb5 17. Nxb5 Bd7 18. Qc4 Bxb5 19. Qxf7+ Kd7 20. Be6+ Kc7 21. Rfc1+ Kd6 22.
Bf4# 1-0

[Event "*** Titled Tuesday Blitz"]
[Site "Chess.com"]
[Date "2020.11.10"]
[Round "7"]
[White "Kaslask"]
[Black "elohunter1999"]
[Result "0-1"]
[WhiteElo "2355"]
[BlackElo "2540"]
[TimeControl "180+1"]
[EndTime "11:20:29 PST"]
[Termination "elohunter1999 won by resignation"]

1. d4 d5 2. c4 c6 3. Nc3 Nf6 4. e3 Bf5 5. cxd5 cxd5 6. Qb3 Nc6 7. Bb5 e6 8. Nf3 Bd6 9. Ne5 Bxe5 10. dxe5 Nd7 11. f4 O-O 12. O-O Nc5 13. Qd1 d4 14. Bxc6 dxc3 15. Qxd8 Rfxd8 16. Bf3 c2 17. e4 Bxe4 18. Be3 Bxf3 19. Bxc5 Bd1 20. Bd6 Rac8 21. Rc1 Rc6 22. Kf2 Ra6 23. a3 h6 24. Ke3 Rb6 25.
b4 Rc8 26. Kd2 Rc4 27. Ke3 Rbc6 28. b5 Rb6 29. Kd3 Ra4 30. Rfxd1 cxd1=Q+ 31. Rxd1 Rxb5 32. g3 Rd5+ 33. Ke2 Rxd1 34. Kxd1 Rd4+ 35. Ke2 0-1

[Event "*** Titled Tuesday Blitz"]
[Site "Chess.com"]
[Date "2020.11.10"]
[Round "7"]
[White "maxip32"]
[Black "horripile"]
[Result "0-1"]
[WhiteElo "2429"]
[BlackElo "2677"]
[TimeControl "180+1"]
[EndTime "11:20:30 PST"]
[Termination "horripile won on time"]

1. e4 c5 2. Nf3 Nc6 3. d4 cxd4 4. Nxd4 e6 5. Nc3 Qc7 6. Be3 a6 7. Qf3 Nf6 8. O-O-O Be7 9. Be2 h5 10. Qg3 d6 11. f4 g6 12. Kb1 h4 13. Qf3 Bd7 14.
Qf2 Rc8 15. Bf3 b5 16. Nxc6 Bxc6 17. a3 a5 18. Bb6 Qb7 19. Bxa5 Nxe4 20. Nxe4 Bxe4 21.
Qd4 Bxf3 22. gxf3 Rh5 23. Bb4 Rc6 24. Qe3 d5 25. Rhg1 Bxb4 26. axb4 Ra6 27. c3 Qc7 28.
Kc2 Rc6 29. Ra1 Kf8 0-1

[Event "*** Titled Tuesday Blitz"]
[Site "Chess.com"]
[Date "2020.11.10"]
[Round "7"]
[White "tlomigtlis"]
[Black "lilleper1"]
[Result "0-1"]
[WhiteElo "2599"]
[BlackElo "2826"]
[TimeControl "180+1"]
[EndTime "11:20:32 PST"]
[Termination "lilleper1 won by checkmate"]

1. d4 Nf6 2. c4 e6 3. Nc3 Bb4 4.
Qc2 d6 5. Nf3 O-O 6. Bd2 Nbd7 7.
a3 Bxc3 8. Bxc3 c5 9. e3 b6 10.
Bd3 Bb7 11. O-O-O Rc8 12. Kb1 cxd4 13. Nxd4 d5 14. cxd5 Nxd5 15. Bxh7+ Kh8 16. Nxe6 Nxc3+ 17. bxc3 fxe6 18. Qg6 Rf6 19. Qd3 Qc7 20. Qxd7 Kxh7 21. Qd3+ Kg8 22. Kb2 Rxf2+ 23. Rd2 Rxd2+ 24. Qxd2 Bd5 25. Rc1 Qc4 26. Ka1 Qb3 27. Qb2 Qxb2+ 28. Kxb2 Bxg2 29.
Rd1 Bd5 30. Rd4 Rc4 31. e4 Rxd4 32. cxd4 Bxe4 33. Kc3 Bd5 34. a4 a5 35. h4 Kh7 36.
h5 Kh6 37. Kd2 Kxh5 38. Ke3 g5 39. Kd3 Kg4 40. Ke3 Kg3 41. Kd3 Kf2 42. Kc3 g4 43.
Kd3 g3 44. Kc3 g2 45. Kd3 g1=Q 46. Kc3 Qc1+ 47. Kd3 Bc4+ 48. Ke4 Qe3# 0-1

[Event "*** Titled Tuesday Blitz"]
[Site "Chess.com"]
[Date "2020.11.10"]
[Round "7"]
[White "denispopov"]
[Black "penguingm1"]
[Result "0-1"]
[WhiteElo "1859"]
[BlackElo "2843"]
[TimeControl "180+1"]
[EndTime "11:20:36 PST"]
[Termination "penguingm1 won by resignation"]

1. e4 e5 2. Nf3 Nc6 3. Bc4 Bc5 4. O-O Nf6 5. d4 Bxd4 6. Nxd4 Nxd4 7. Bg5 d6 8. f4 Qe7 9. Nc3 c6 10. f5 Bd7 11. a4 d5 12. Bd3 Qd6 13. Qe1 O-O-O 14. Qh4 Kb8 15. a5 h6 16. Bxf6 gxf6 17. a6 b6 18. Nd1 dxe4 19. Bxe4 Nb5 20. Nf2 h5 21. Rfd1 Qe7 22. Rxd7 Qxd7 23. Qxf6 Qc7 24. Bxc6 Nd4 0-1

[Event "*** Titled Tuesday Blitz"]
[Site "Chess.com"]
[Date "2020.11.10"]
[Round "7"]
[White "Omk124"]
[Black "lelya96"]
[Result "1-0"]
[WhiteElo "2390"]
[BlackElo "2218"]
[TimeControl "180+1"]
[EndTime "11:20:38 PST"]
[Termination "Omk124 won by resignation"]

1. e4 e5 2. Nf3 Nc6 3. Bc4 Nf6 4. d3 Be7 5. O-O O-O 6. a4 a6 7. Re1 d6 8. c3 Kh8 9. Nbd2 Ng8 10. Nf1 f5 11. exf5 Bxf5 12. h3 Nf6 13. Ng3 Bg6 14.
d4 e4 15. Ng5 d5 16. Ne6 Qd7 17. Nxf8 Rxf8 18. Bf1 Bd6 19. Be3 Bxg3 20. fxg3 Nh5 21. g4 Nf4 22. g3 Ne6 23. Bg2 Qd6 24. Kh2 Qe7 25. Rf1 Rd8 26. b4 h6 27. Ra2 Kh7 28. Raf2 Ng5 29. Qd2 Nf7 30. h4 Nd6 31. h5 Be8 32. g5 Nc4 33. g6+ Kg8 34. Qe2 Bd7 35. Rf7 Qe6 36. Qf2 Qd6 37. Rxg7+ Kxg7 38. Qf7+ 1-0

[Event "*** Titled Tuesday Blitz"]
[Site "Chess.com"]
[Date "2020.11.10"]
[Round "7"]
[White "HanSchut"]
[Black "AlphaZ3r0"]
[Result "1-0"]
[WhiteElo "2218"]
[BlackElo "2368"]
[TimeControl "180+1"]
[EndTime "11:20:41 PST"]
[Termination "HanSchut won on time"]

1. e4 c5 2. Nf3 e6 3. c4 Nc6 4. Nc3 Nf6 5. Be2 d5 6. exd5 exd5 7. d4 dxc4 8. d5 Ne7 9. Bxc4 Nf5 10. Bg5 Nd6 11. Qe2+ Be7 12. Bxf6 gxf6 13. Bd3 Bg4 14. h3 Bh5 15. Ne4 Qa5+ 16. Kf1 O-O 17. Ng3 c4 18. Nxh5 cxd3 19. Qxe7 1-0

[Event "*** Titled Tuesday Blitz"]
[Site "Chess.com"]
[Date "2020.11.10"]
[Round "7"]
[White "GukeshDommaraju"]
[Black "Promacherr"]
[Result "1-0"]
[WhiteElo "2873"]
[BlackElo "2722"]
[TimeControl "180+1"]
[EndTime "11:20:46 PST"]
[Termination "GukeshDommaraju won by resignation"]

1. d4 d5 2. Nf3 Nf6 3. Bf4 e6 4.
e3 Bd6 5. Nbd2 O-O 6. Bd3 c5 7.
dxc5 Bxc5 8. O-O Nc6 9. c4 dxc4 10. Nxc4 b6 11. a3 a5 12. Qe2 Bb7 13. Rfd1 Qe7 14. Rac1 h6 15. Nd6 Nh5 16. Nxb7 Qxb7 17. Be4 Rac8 18.
b4 axb4 19. axb4 Bxb4 20. Rxc6 Rxc6 21. Ne5 Nxf4 22. exf4 Rfc8 23. Qf3 Bc5 24. Bxc6 Qa7 25. g3 Qa2 26. Bd7 Rd8 27. Kg2 g6 28. Bxe6 1-0

[Event "*** Titled Tuesday Blitz"]
[Site "Chess.com"]
[Date "2020.11.10"]
[Round "7"]
[White "nicoderboss24"]
[Black "djano"]
[Result "1/2-1/2"]
[WhiteElo "2262"]
[BlackElo "2483"]
[TimeControl "180+1"]
[EndTime "11:20:49 PST"]
[Termination "Game drawn by repetition"]

1. e4 c6 2. d4 g6 3. Nf3 Bg7 4. c4 d6 5. Nc3 Nf6 6. h3 O-O 7. Be3 Nbd7 8. Qd2 e5 9. Bh6 exd4 10. Nxd4 Re8 11. Bxg7 Nxe4 12. Nxe4 Rxe4+ 13. Be2 Kxg7 14. O-O Nf6 15. Bf3 Re8 16. Rfe1 Rxe1+ 17. Rxe1 Bd7 18. Qb4 Qc7 19. Qc3 Re8 20. Rxe8 Bxe8 21. g4 h6 22. h4 Kg8 23. Nf5 gxf5 24. Qxf6 fxg4 25. Bxg4 Qa5 26. Qxh6 Qe1+ 27. Kg2 Qe4+ 28. Kh3 Qh1+ 29. Kg3 Qg1+ 30. Kh3 Qh1+ 31. Kg3 Qg1+ 32. Kh3 Qh1+ 1/2-1/2

[Event "*** Titled Tuesday Blitz"]
[Site "Chess.com"]
[Date "2020.11.10"]
[Round "7"]
[White "Morshynska"]
[Black "AsaHoffmann"]
[Result "1-0"]
[WhiteElo "2255"]
[BlackElo "2381"]
[TimeControl "180+1"]
[EndTime "11:20:52 PST"]
[Termination "Morshynska won by resignation"]

1. Nf3 d6 2. g3 c6 3. d4 Bf5 4. Bg2 Nf6 5. O-O h6 6. Nc3 Nbd7 7. Re1 e5 8. e4 Bh7 9. Nh4 Be7 10. Nf5 Bxf5 11.
exf5 O-O 12. Qd3 exd4 13. Qxd4 d5 14. h3 Re8 15. Bf4 Qb6 16. Qxb6 axb6 17. a4 Bb4 18. Rxe8+ Rxe8 19. Kf1 Nc5 20. Ne2 Nce4 21. Rd1 Bc5 22. Nd4 Nh5 23. Bc1 Bxd4 24. Rxd4 Nexg3+ 25. fxg3 Nxg3+ 26. Kf2 Nxf5 27. Rb4 b5 28. axb5 c5 29. Ra4 Nd4 30. Be3 Nxc2 31. Bxc5 Rc8 32. b4 d4 33. Be4 b6 34.
Bxb6 Rc3 35. Ra8+ 1-0

[Event "*** Titled Tuesday Blitz"]
[Site "Chess.com"]
[Date "2020.11.10"]
[Round "7"]
[White "AldokhinIvan"]
[Black "Legendinunknown"]
[Result "1-0"]
[WhiteElo "2568"]
[BlackElo "2706"]
[TimeControl "180+1"]
[EndTime "11:20:53 PST"]
[Termination "AldokhinIvan won by resignation"]

1. e4 e5 2. Nf3 Nc6 3. Bb5 a6 4. Ba4 d6 5. Bxc6+ bxc6 6. d4 exd4 7. Nxd4 c5 8. Nf3 g6 9. e5 Bg7 10. O-O Ne7 11. Bg5 O-O 12. Re1 Be6 13. Nc3 Qd7 14. Ne4 dxe5 15. Qxd7 Bxd7 16. Bxe7 Rfe8 17. Nf6+ Bxf6 18.
Bxf6 e4 19. Ng5 Bf5 20. f3 e3 21. g4 Bxc2 22. Rac1 Bd3 23. Rxc5 h6 24. Ne4 Bxe4 25.
fxe4 Rxe4 26. h3 Rae8 27. Re2 R8e6 28. Bc3 c6 29. Kg2 Kh7 30. Kf3 Re8 31. Rxc6 f5 32. Rc7+ Kg8 33. Rg7+ Kf8 34. Rxg6 fxg4+ 35. Rxg4 R4e6 36.
Rf4+ Ke7 37. Rxe3 1-0

[Event "*** Titled Tuesday Blitz"]
[Site "Chess.com"]
[Date "2020.11.10"]
[Round "7"]
[White "IANOV0007"]
[Black "AlexSuv"]
[Result "0-1"]
[WhiteElo "2447"]
[BlackElo "2590"]
[TimeControl "180+1"]
[EndTime "11:20:55 PST"]
[Termination "AlexSuv won on time"]

1. Nf3 d5 2. g3 c6 3. Bg2 Nf6 4. d3 Bg4 5. Nbd2 Nbd7 6. O-O e6 7. h3 Bh5 8. g4 Bg6 9. Nh4 e5 10. e3 Bd6 11. Qe2 O-O 12. Nxg6 hxg6 13. e4 Nc5 14. g5 Nh5 15. exd5 Nf4 16. Qg4 cxd5 17. Nb3 Nce6 18. h4 Rc8 19. c3 Nxg2 20. Qxg2 Bc5 21. Bd2 Bb6 22. Rae1 Qd6 23. Qg3 Nf4 24. Bxf4 exf4 25.
Qf3 Rfe8 26. d4 a5 27. a4 f6 28. Kh2 fxg5 29. hxg5 Kf7 30. Kg2 Bc7 31. Nc5 b6 32.
Nd3 Qd7 33. Nxf4 Bxf4 34. Qxf4+ Kg8 35. Qf3 Rf8 36. Qd1 Rce8 0-1

[Event "*** Titled Tuesday Blitz"]
[Site "Chess.com"]
[Date "2020.11.10"]
[Round "7"]
[White "anpospan"]
[Black "Goryachkina"]
[Result "1/2-1/2"]
[WhiteElo "2439"]
[BlackElo "2582"]
[TimeControl "180+1"]
[EndTime "11:20:55 PST"]
[Termination "Game drawn by repetition"]

1. d4 d5 2. c4 e6 3. Nc3 c6 4. e4 Bb4 5. e5 Ne7 6. Nf3 Nd7 7. Bd2 O-O 8. Bd3 Ng6 9. cxd5 exd5 10. Ng5 Re8 11.
Qh5 Ndf8 12. O-O h6 13. Nxf7 Kxf7 14. f4 Qh4 15. Qxh4 Nxh4 16. f5 Kg8 17. g3 Nxf5 18. Bxf5 Bxf5 19. Rxf5 Ne6 20. Be3 Bxc3 21. bxc3 Rf8 22.
Rxf8+ Rxf8 23. Kg2 Rf7 24. a4 Kf8 25. a5 a6 26. h4 h5 27. Rb1 Ke8 28. Rb2 g6 29. Rb1 Kd8 30. Rb2 Kc8 31. Rb1 Rf5 32. Rb2 Rf7 33.
Rb1 Rf5 34. Rb2 Rf7 1/2-1/2

[Event "*** Titled Tuesday Blitz"]
[Site "Chess.com"]
[Date "2020.11.10"]
[Round "7"]
[White "Qvalda"]
[Black "thedjoker98"]
[Result "0-1"]
[WhiteElo "2425"]
[BlackElo "2581"]
[TimeControl "180+1"]
[EndTime "11:20:56 PST"]
[Termination "thedjoker98 won by checkmate"]

1. e4 e5 2. Nf3 Nc6 3. Nc3 Nf6 4. d4 exd4 5. Nxd4 Bb4 6. Nxc6 bxc6 7. Bd3 d5 8. exd5 O-O 9. O-O cxd5 10. Bg5 c6 11.
Na4 Re8 12. c4 Rb8 13. Qc2 h6 14. Bh4 Bd6 15. Bg3 Bxg3 16. hxg3 d4 17. c5 Be6 18.
Rfe1 Qd5 19. b3 Qh5 20. Be2 Bg4 21. Bc4 Bf5 22. Bxf7+ Kxf7 23. Qc4+ Be6 24. Qxd4 Ng4 25. Qf4+ Kg8 26. Rxe6 Qh2+ 27. Kf1 Qh1+ 28. Ke2 Rxe6+ 29. Kd3 Rd8+ 30. Kc4 Ne5+ 31. Kb4 Qxa1 32. Qf5 Qe1+ 33. Ka3 Qc1+ 34. Kb4 Nd3+ 35. Ka5 Qd2+ 36. Ka6 Nb4+ 37. Ka5 Nd3+ 38. Ka6 Re5 39. Qg4 Nb4+ 40. Ka5 Nd3+ 41. Ka6 Nxc5+ 42. Kxa7 Qa5# 0-1

[Event "*** Titled Tuesday Blitz"]
[Site "Chess.com"]
[Date "2020.11.10"]
[Round "7"]
[White "ChessWarrior3"]
[Black "swisspower96"]
[Result "0-1"]
[WhiteElo "2077"]
[BlackElo "2549"]
[TimeControl "180+1"]
[EndTime "11:20:56 PST"]
[Termination "swisspower96 won by resignation"]

1. e4 c5 2. Nf3 Nc6 3. d4 cxd4 4.
Nxd4 Nf6 5. Nc3 e5 6. Ndb5 d6 7. Bg5 a6 8. Na3 b5 9. Bxf6 gxf6 10. Nd5 f5 11. Bd3 Be6 12. O-O Bg7 13. Re1 Bxd5 14.
exd5 Ne7 15. c3 O-O 16. Qh5 Qd7 17. Rad1 e4 18. Bf1 Ng6 19. g3 Rae8 20. Bh3 Re5 21. f4 exf3 22. Rxe5 Nxe5 23. Bxf5 Qa7+ 24. Kf1 h6 25. Be4 Qe3 26. Re1 Qd2 27. Bxf3 Qxb2 28. Rxe5 dxe5 29. Qf5 Qxa3 30. Be4 Qc1+ 31. Kg2 Qd2+ 32.
Kh3 Rd8 33. a4 bxa4 34. c4 a3 35. Bb1 a2 36. Bxa2 Qxa2 37. c5 Qxd5 38. c6 Qxc6 39. g4 Qc3+ 40. Kh4 Qc6 41. g5 hxg5+ 42. Kxg5 Qh6+ 43.
Kg4 Rd4+ 44. Kf3 Rf4+ 45. Kg3 Rxf5 0-1

[Event "*** Titled Tuesday Blitz"]
[Site "Chess.com"]
[Date "2020.11.10"]
[Round "7"]
[White "Infernal_XaM"]
[Black "NikolaGry"]
[Result "1-0"]
[WhiteElo "2830"]
[BlackElo "2635"]
[TimeControl "180+1"]
[EndTime "11:21:01 PST"]
[Termination "Infernal_XaM won by resignation"]

1. d4 d5 2. c4 Nc6 3. Nf3 Bg4 4. Nc3 e6 5. cxd5 exd5 6. Bf4 Bd6 7. Bg3 Nge7 8. e3 O-O 9. Bd3 h6 10. O-O f5 11.
Nb5 f4 12. exf4 Bxf4 13. Bxf4 Rxf4 14. Qd2 Rxf3 15. gxf3 Bh3 16. Rfe1 a6 17. Nc3 Nxd4 18.
Qf4 Nef5 19. Bf1 Bxf1 20. Kxf1 c6 21. Rad1 Qf6 22. Ne4 Qg6 23. Ng3 Rf8 24. Qg4 Qf6 25. Nh5 Qg5 26. Re5 Nxf3 27. Qxf3 Qg6 28. Nf4 Qf7 29.
Ne6 Re8 30. Qxf5 Qxf5 31. Rxf5 Rxe6 32. Re1 1-0

[Event "*** Titled Tuesday Blitz"]
[Site "Chess.com"]
[Date "2020.11.10"]
[Round "7"]
[White "Piotrek1979"]
[Black "Fy_Rakotomaharo"]
[Result "0-1"]
[WhiteElo "2457"]
[BlackElo "2632"]
[TimeControl "180+1"]
[EndTime "11:21:01 PST"]
[Termination "Fy_Rakotomaharo won by resignation"]

1. Nf3 c6 2. e4 d5 3. Nc3 Bg4 4. h3 Bxf3 5. Qxf3 e6 6. g3 Nd7 7. Bg2 Ngf6 8. O-O Bc5 9. d3 O-O 10. Qe2 a5 11. a4 Qb6 12. Kh2 Rad8 13. e5 Ne8 14. Bd2 Nc7 15. f4 Rde8 16. Rab1 f6 17. Na2 fxe5 18. b4 axb4 19. Nxb4 Qa7 20. fxe5 Rxf1 21. Rxf1 Qxa4 22. Rf4 Qa1 23. Rf1 Qxe5 24. Qg4 Nf6 25. Qh4 Bxb4 26. Bxb4 d4 27. Bd2 Ncd5 28. Bg5 h6 29. Bxh6 gxh6 30. Qxh6 Re7 31. Be4 Rg7 32. Bg6 Qe2+ 33. Kg1 Ne3 34. Rf2 Qe1+ 0-1

[Event "*** Titled Tuesday Blitz"]
[Site "Chess.com"]
[Date "2020.11.10"]
[Round "7"]
[White "TokChess"]
[Black "Ermito2020"]
[Result "0-1"]
[WhiteElo "2451"]
[BlackElo "2592"]
[TimeControl "180+1"]
[EndTime "11:21:02 PST"]
[Termination "Ermito2020 won by resignation"]

1. Nf3 d5 2. g3 e6 3. Bg2 f5 4. O-O Nf6 5. d4 Be7 6. c4 O-O 7. b3 c6 8. Ba3 Ne4 9. Qc1 Nd7 10.
Bxe7 Qxe7 11. Na3 Ndf6 12. Nc2 Bd7 13. Nce1 Be8 14. Nd3 Bh5 15. Nf4 Rac8 16. Qe3 g5 17. Nxh5 Nxh5 18. Ne5 Qg7 19. Qd3 Nhf6 20. f3 Nd6 21.
Rae1 h5 22. c5 Nf7 23. Nxf7 Rxf7 24. e4 fxe4 25. fxe4 Rcf8 26. e5 Ng4 27. h3 Nh6 28. Rxf7 Rxf7 29. Rf1 Rxf1+ 30. Bxf1 Nf5 31. Be2 g4 32.
hxg4 hxg4 33. Kg2 Qg5 34. Bf1 Qc1 35. Qe2 Kf7 36. Kh2 Qh6+ 37. Kg1 Nxg3 38. Qf2+ Nf5 39. Bd3 Qg5 40. Qh2 Qe3+ 0-1

[Event "*** Titled Tuesday Blitz"]
[Site "Chess.com"]
[Date "2020.11.10"]
[Round "7"]
[White "indfraeng"]
[Black "IMRosen"]
[Result "1-0"]
[WhiteElo "2409"]
[BlackElo "2554"]
[TimeControl "180+1"]
[EndTime "11:21:02 PST"]
[Termination "indfraeng won on time"]

1. d4 e5 2. dxe5 Bc5 3. Nf3 d6 4. e3 Ne7 5. exd6 Bxd6 6. b3 Bg4 7. Bb2 Bb4+ 8. c3 Bd6 9. Nbd2 Nbc6 10. h3 Bh5 11. Be2 Nd5 12. c4 Nf6 13. O-O Qe7 14. Nd4 Bxe2 15. Qxe2 Nxd4 16. Bxd4 O-O-O 17. Qf3 Rhg8 18. Rac1 Be5 19. Qf5+ Kb8 20. Nf3 Bd6 21. c5 g6 22.
Qxf6 Bxc5 23. Rxc5 Qd7 24. Ne5 1-0

[Event "*** Titled Tuesday Blitz"]
[Site "Chess.com"]
[Date "2020.11.10"]
[Round "7"]
[White "SamuelGhimpu2003"]
[Black "ChristopherYoo"]
[Result "0-1"]
[WhiteElo "2557"]
[BlackElo "2832"]
[TimeControl "180+1"]
[EndTime "11:21:03 PST"]
[Termination "ChristopherYoo won on time"]

1. d4 Nf6 2. Nc3 d6 3. e4 Nbd7 4. Nf3 e5 5. Bc4 Be7 6. O-O O-O 7.
Re1 c6 8. a4 a5 9. h3 Qc7 10.
b3 Nb6 11. Bd3 Nfd7 12. Ne2 exd4 13. Nexd4 Nc5 14. Bb2 Bf6 15. Rb1 Re8 16. Qd2 Bd7 17. Qf4 Nc8 18. Qg3 Ne7 19. h4 Ng6 20. Nf5 Bxb2 21. Rxb2 Bxf5 22. exf5 Rxe1+ 23. Nxe1 Ne5 24. f6 g6 25. Rb1 Qd8 0-1

[Event "*** Titled Tuesday Blitz"]
[Site "Chess.com"]
[Date "2020.11.10"]
[Round "7"]
[White "Obito24"]
[Black "andriipalchuk"]
[Result "1-0"]
[WhiteElo "2576"]
[BlackElo "2438"]
[TimeControl "180+1"]
[EndTime "11:21:03 PST"]
[Termination "Obito24 won by resignation"]

1. d4 Nf6 2. c4 e6 3. Nf3 d5 4.
cxd5 exd5 5. Bg5 Bb4+ 6. Nbd2 c5 7. e3 Nc6 8. Bd3 h6 9. Bh4 g5 10. Bg3 g4 11. Ne5 cxd4 12. O-O dxe3 13. fxe3 Be7 14. Kh1 Be6 15. Bb5 Qb6 16. Qa4 Nd7 17. Nxc6 Nc5 18.
Qd4 Qxb5 19. Qxh8+ Bf8 20. Nd4 Qxb2 21. Bd6 Kd7 22. Bxc5 Qxd2 23. Bxf8 Qxe3 1-0

[Event "*** Titled Tuesday Blitz"]
[Site "Chess.com"]
[Date "2020.11.10"]
[Round "7"]
[White "Sergey85Rodchenkov"]
[Black "nitpicker"]
[Result "0-1"]
[WhiteElo "2456"]
[BlackElo "2243"]
[TimeControl "180+1"]
[EndTime "11:21:03 PST"]
[Termination "nitpicker won by resignation"]

1. e4 d5 2. exd5 Qxd5 3. Nc3 Qd8 4. d4 Nf6 5. Nf3 Bg4 6. h3 Bxf3 7. Qxf3 c6 8. Be3 e6 9. O-O-O Bb4 10. Ne4 Nbd7 11.
g4 Nxe4 12. Qxe4 Nf6 13. Qf3 Qd5 14. Qxd5 cxd5 15. c3 Bd6 16. Bd3 O-O 17. f4 Rfe8 18. Rde1 a6 19. Rhf1 b5 20. f5 Nd7 21. fxe6 fxe6 22.
Bf4 Bf8 23. Kd2 Nb6 24. b3 Rac8 25. Re3 b4 26. Bxa6 Ra8 27. Bb5 Rxa2+ 28. Kd3 Rc8 29. c4 Rb2 30. c5 Rxb3+ 31. Kc2 Rxe3 32. Bxe3 Nc4 33. Bf4 Na3+ 34. Kb3 Nxb5 35. Kxb4 Nxd4 36. Bd6 Bxd6 37. cxd6 e5 38. Re1 e4 39. Rd1 e3 0-1

[Event "*** Titled Tuesday Blitz"]
[Site "Chess.com"]
[Date "2020.11.10"]
[Round "7"]
[White "Oglob71"]
[Black "Ladislav1969"]
[Result "1-0"]
[WhiteElo "2441"]
[BlackElo "2273"]
[TimeControl "180+1"]
[EndTime "11:21:03 PST"]
[Termination "Oglob71 won on time"]

1. d4 Nf6 2. Nf3 g6 3. c4 Bg7 4. Nc3 d5 5. Bg5 Ne4 6. cxd5 Nxg5 7. Nxg5 e6 8. Nf3 exd5 9. e3 a5 10. Be2 O-O 11. O-O c6 12. Rc1 Nd7 13. Ne1 Nb6 14. Nd3 a4 15. Nc5 a3 16. b3 Re8 17. N3a4 Nxa4 18.
Nxa4 Bf8 19. Qc2 Bf5 20. Bd3 Bxd3 21. Qxd3 Qa5 22. Rc2 Qb4 23. Nc5 Bxc5 24. Rxc5 Ra5 25. Rxa5 Qxa5 26. g3 Kg7 27. Rc1 Qb4 28. Kf1 h5 29.
Qc3 Qd6 30. h4 Qe6 31. Kg2 Qe4+ 32. Kg1 Qf3 33. Qd3 Re4 34. Rc2 g5 35. hxg5 h4 36. Qe2 Qxe2 37. Rxe2 hxg3 38. f4 c5 39. dxc5 d4 40.
Kg2 d3 41. Re1 Kg6 42. Kf3 d2 43. Rd1 Kf5 44. Rxd2 Rb4 45. Rd5+ Ke6 46. Re5+ Kd7 47. Rf5 Rxb3 48. Rxf7+ Kc6 49. g6 1-0

[Event "*** Titled Tuesday Blitz"]
[Site "Chess.com"]
[Date "2020.11.10"]
[Round "7"]
[White "AlexeiShirov"]
[Black "Zhigalko_Sergei"]
[Result "1-0"]
[WhiteElo "2810"]
[BlackElo "2914"]
[TimeControl "180+1"]
[EndTime "11:21:05 PST"]
[Termination "AlexeiShirov won by resignation"]

1. e4 c5 2. Nf3 Nc6 3. Bb5 Nf6 4. Nc3 Qc7 5. O-O Nd4 6. d3 a6 7. Bc4 e6 8. a4 Be7 9. Re1 d6 10.
Nxd4 cxd4 11. Ne2 Nxe4 12. Nxd4 Nf6 13. a5 O-O 14. Be3 d5 15. Bb3 e5 16. Nf3 Bg4 17. h3 Bh5 18. Bb6 Qd6 19. g4 Nxg4 20. hxg4 Bxg4 21. Ra4 e4 22. dxe4 Qf6 23. e5 Qg6 24. Nh4 Qxb6 25. axb6 Bxd1 26. Rxd1 Bxh4 27. Rxh4 Rac8 28. Rxd5 Rc6 29. Rd6 1-0

[Event "*** Titled Tuesday Blitz"]
[Site "Chess.com"]
[Date "2020.11.10"]
[Round "7"]
[White "nelsoncopa"]
[Black "Crazy_girl99"]
[Result "0-1"]
[WhiteElo "1915"]
[BlackElo "2490"]
[TimeControl "180+1"]
[EndTime "11:21:06 PST"]
[Termination "Crazy_girl99 won on time"]

1. d4 d5 2. c4 dxc4 3. e4 e5 4. d5 Nf6 5. Nc3 c6 6. Bxc4 Bb4 7. f3 O-O 8. Ne2 b5 9. Bb3 a5 10. a3 Bc5 11. dxc6 Qb6 12. Nd5 Qxc6 13. Nxf6+ Qxf6 14. Qd5 Qb6 15. Bg5 Be6 16. Qd1 Bxb3 17. Qxb3 Nc6 18.
Rc1 h6 19. Bh4 Rac8 20. Rf1 a4 21. Qd5 Na5 22. Nc3 Nb3 23. Rd1 Bd4 24. Nxb5 Rc5 25. Qd6 Qxb5 0-1

[Event "*** Titled Tuesday Blitz"]
[Site "Chess.com"]
[Date "2020.11.10"]
[Round "7"]
[White "Boudicca64"]
[Black "zala02"]
[Result "0-1"]
[WhiteElo "1836"]
[BlackElo "2144"]
[TimeControl "180+1"]
[EndTime "11:21:08 PST"]
[Termination "zala02 won by resignation"]

1. e4 e5 2. d4 exd4 3. Qxd4 Nc6 4. Qe3 d6 5. b3 Be7 6. Bb2 Bf6 7. Nc3 Nge7 8.
O-O-O Be6 9. f3 Qd7 10. g4 O-O-O 11. g5 Bxc3 12. Qxc3 Rhg8 13. f4 Bg4 14. Be2 Bxe2 15. Nxe2 h6 16. h4 Kb8 17. Qc4 Rdf8 18. Rhg1 Qh3 19.
gxh6 gxh6 20. Rxg8 Rxg8 21. Qxf7 Qe3+ 22. Rd2 Qxe4 23.
Bf6 a6 24. Nd4 Rg1+ 25. Kb2 Qe1 26. Re2 Qc1+ 27. Kc3 Rg3+ 28. Kc4 d5+ 0-1